AoeStats
← Cruzcerro3

Arena

507484909Analyzed
3v3 RM · 13d ago on Sep 18, 2026· 59m 1s· 6 players
Game mode
Random Map
Map size
Normal (6 player)
Population
200
Speed
Normal
Resources
Standard
Victory
Conquest
Starting age
Dark Age
Ending age
Imperial Age
RankedLock teamsTeams togetherTeam positionsShared explorationLock speedFull tech treeHidden civsTurbo modeCheats
Victory
Defeat
🇪🇸 Tatars · Spain
791
+14
🇪🇸 Goths · Spain
791
+14
🇲🇽 Saracens · Mexico
726
+16
🇳🇴 Sicilians · Norway
752
-15
🇷🇺 Poles · Russia
747
-15
🇺🇸 Dravidians · United States
726
-14
Cypress Fever
0:31 Loom
13:53 Feudal Age
14:53 Horse Collar
15:06 Double-Bit Axe
18:40 Wheelbarrow
20:18 Stone Mining
20:19 Gold Mining
25:32 Castle Age
29:15 Bow Saw
40:31 Imperial Age
37:41 Man-at-Arms
39:58 Long Swordsman
40:25 Gambesons
40:41 Squires
40:26 Arson
41:02 Two-Handed Swordsman
41:58 Champion
44:15 Forging
44:05 Scale Mail Armor
44:41 Hand Cart
44:37 Heavy Plow
45:00 Pikeman
48:08 Medical Corps
49:33 Iron Casting
49:14 Chain Mail Armor
51:02 Two-Man Saw
51:03 Halberdier
52:10 Light Cavalry
54:55 Conscription
Lænsmannj
9:50 Feudal Age
10:26 Double-Bit Axe
12:20 Horse Collar
14:24 Fletching
20:12 Castle Age
21:46 Scale Mail Armor
23:14 Bow Saw
23:13 Heavy Plow
25:55 Forging
26:16 Loom
28:39 Iron Casting
29:35 Wheelbarrow
37:40 Imperial Age
35:10 Murder Holes
36:00 Chain Mail Armor
38:22 Ballistics
39:45 Plate Mail Armor
39:29 Pikeman
41:48 Blast Furnace
43:14 Chemistry
43:28 Crop Rotation
44:21 Man-at-Arms
45:02 Squires
46:46 Long Swordsman
Vampir2014
1:25 Loom
13:31 Feudal Age
13:52 Horse Collar
14:00 Double-Bit Axe
15:03 Wheelbarrow
14:24 Stone Mining
15:32 Gold Mining
22:16 Castle Age
21:47 Fletching
22:07 Forging
23:17 Bow Saw
23:15 Heavy Plow
24:47 Stone Shaft Mining
24:02 Arson
26:41 Hand Cart
26:57 Treadmill Crane
28:28 Caravan
29:50 Szlachta Privileges
34:44 Imperial Age
32:19 Scale Mail Armor
32:21 Padded Archer Armor
33:23 Fervor
33:31 Murder Holes
33:57 Ballistics
33:59 Town Watch
34:41 Bodkin Arrow
35:24 Iron Casting
35:06 Chain Mail Armor
35:08 Leather Archer Armor
35:32 Masonry
36:30 Conscription
36:46 Hoardings
36:49 Sanctity
37:20 Town Patrol
37:09 Arrowslits
38:25 Chemistry
38:23 Siege Engineers
38:30 Fortified Wall
39:48 Crop Rotation
39:11 Elite Obuch
40:57 Lechitic Legacy
43:58 Blast Furnace
42:59 Bracer
43:29 Plate Mail Armor
43:05 Scale Barding Armor
50:43 Onager
Cruzcerro3
10:02 Loom
13:11 Feudal Age
18:38 Castle Age
17:42 Double-Bit Axe
17:41 Horse Collar
20:21 Heavy Plow
23:03 Gold Mining
23:03 Stone Mining
26:05 Forging
26:00 Scale Barding Armor
27:14 Husbandry
27:45 Ballistics
29:00 Bloodlines
30:57 Iron Casting
33:59 Gold Shaft Mining
33:36 Bow Saw
34:56 Wheelbarrow
34:07 Town Watch
35:09 Murder Holes
39:17 Imperial Age
37:35 Town Patrol
38:40 Fortified Wall
38:40 Masonry
38:11 Treadmill Crane
38:53 Hand Cart
40:10 Cavalier
40:40 Heavy Cavalry Archer
42:25 Blast Furnace
41:45 Chain Barding Armor
41:16 Fletching
41:26 Padded Archer Armor
41:46 Caravan
44:38 Siege Engineers
45:34 Chemistry
44:33 Bodkin Arrow
45:45 Leather Archer Armor
47:33 Bracer
48:04 Ring Archer Armor
51:48 Conscription
51:41 Timurid Siegecraft
51:33 Silk Armor
54:04 Plate Barding Armor
53:29 Scale Mail Armor
Selu
0:55 Loom
12:35 Feudal Age
13:44 Double-Bit Axe
13:42 Horse Collar
20:36 Castle Age
27:00 Imperial Age
25:05 Heavy Plow
25:18 Bow Saw
25:44 Squires
27:02 Forging
28:26 Iron Casting
29:53 Two-Man Saw
33:02 Scale Mail Armor
37:32 Chain Mail Armor
38:52 Conscription
39:41 Crop Rotation
39:20 Elite Huskarl
40:50 Wheelbarrow
42:08 Blast Furnace
42:40 Anarchy
46:12 Hand Cart
49:40 Perfusion
52:49 Caravan
56:24 Chemistry
55:19 Murder Holes
55:45 Ballistics
55:35 Masonry
57:56 Padded Archer Armor
57:46 Fletching
MedicenKarly
1:38 Loom
11:32 Feudal Age
12:45 Horse Collar
12:52 Double-Bit Axe
13:43 Wheelbarrow
20:04 Castle Age
19:23 Stone Mining
21:02 Hand Cart
23:12 Padded Archer Armor
23:02 Fletching
23:24 Forging
24:02 Bow Saw
25:36 Gold Mining
26:25 Bimaristan
26:56 Leather Archer Armor
26:36 Bodkin Arrow
26:44 Bodkin Arrow
29:04 Heavy Plow
30:23 Gold Shaft Mining
31:08 Iron Casting
34:40 Ballistics
42:21 Imperial Age
41:01 Hand Cart
44:56 Elite Mameluke
46:51 Conscription
Connection lost

Rejoining the realm…

Still unreachable

The connection could not be restored.

Session expired

The server has moved on; the page needs a fresh start.